 Dungeon Crawl Stone Soup version 0.31-a0-626-g8143ab4f1d (webtiles) character file.

Game seed: 14837719870701832625

56 Ofeo the Sneak (level 4, -5/24 HPs)
             Began as a Kobold Earth Elementalist on Aug 24, 2023.
             Slain by a gnoll
             ... wielding a +0 flail
              (8 damage)
             ... on level 1 of the Dungeon.
             The game lasted 00:02:14 (2246 turns).

Ofeo the Sneak (Kobold Earth Elementalist)          Turns: 2246, Time: 00:02:15

Health: -5/24      AC:  2    Str:  5    XL:     4   Next: 17%
Magic:  7/7        EV: 16    Int: 16    God:
Gold:   54         SH:  0    Dex: 23    Spells: 5/8 levels left

rFire   . . .        g - +0 rapier
rCold   . . .        (no shield)
rNeg    . . .        a - +0 robe
rPois   .            (no helmet)
rElec   .            (no cloak)
rCorr   .            (no gloves)
SInv    .            (no boots)
Will    .....        (no amulet)
Stlth   ++++         m - +6 ring of dexterity
HPRegen 0.24/turn    (no ring)
MPRegen 0.10/turn

%: no passive effects
@: no status effects
A: small, no large weapons, nightstalker 3
a: no special abilities


You were on level 1 of the Dungeon.
You visited 1 branch of the dungeon, and saw 2 of its levels.

You collected 54 gold pieces.

Inventory:

Hand Weapons
 g - a +0 rapier (weapon)
Armour
 a - a +0 robe (worn)
Jewellery
 m - a +6 ring of dexterity (left hand)
Scrolls
 c - a scroll of vulnerability {unknown}
 e - a scroll of identify {unknown}
 f - 2 scrolls of poison {unknown}
 j - a scroll of enchant armour {unknown}
 n - a scroll of revelation {unknown}
Potions
 b - a potion of magic
 d - a potion of enlightenment {unknown}
 h - a potion of lignification {unknown}
 i - a potion of curing {unknown}
 k - 2 potions of heal wounds {unknown}
 l - a potion of resistance {unknown}


   Skills:
 * Level 0.6 Short Blades
 + Level 3.1 Dodging
 + Level 3.5 Stealth
 - Level 2.6 Spellcasting
 + Level 1.7 Transmutations
 + Level 3.4 Earth Magic


You had 5 spell levels left.
You knew the following spells:

 Your Spells              Type           Power      Damage    Failure   Level
a - Sandblast             Erth           26%        2d8       4%          1
b - Passwall              Tmut/Erth      8%         N/A       11%         2

Your spell library contained the following spells:

 Spells                   Type           Power      Damage    Failure   Level
 Stone Arrow              Conj/Erth      14%        3d7       28%         3
 Petrify                  Tmut/Erth      10%        N/A       56%         4


Dungeon Overview and Level Annotations

Branches:
Dungeon (2/15)

Altars:
Xom

Annotations:
D:2 1 runed translucent door, Crazy Yiuf


Innate Abilities, Weirdness & Mutations

You are small and have problems with some larger weapons.
You are completely attuned to the shadows.


Message History

A giant cockroach is nearby!
A giant cockroach is nearby!
The helpless giant cockroach fails to defend itself.
You impale the giant cockroach!!
You kill the giant cockroach!
No target in view!
No target in view!
No target in view!
No target in view!
No target in view!
No target in view!
No target in view!
n - a scroll labelled INIYTSE CORIN You now have 54 gold pieces (gained 4).
There is an open door here.
You open the door.
There is an open door here.
You open the large door.
There is a large open door here.
There is a large open door here.
A gnoll comes into view. It is wielding a +0 flail.
A gnoll is nearby!
A gnoll is nearby!
Casting: Sandblast (safe; 4% risk of failure)
Confirm with . or Enter, or press ? or * to list all spells.
Okay, then.
You hit the gnoll.
The gnoll is moderately wounded.
The gnoll hits you with a +0 flail!
Ouch! That really hurt!
You take 12 damage, and have 12/24 hp.
MASSIVE DAMAGE!!
You hit the gnoll.
The gnoll is moderately wounded.
The gnoll closely misses you.
You hit the gnoll but do no damage.
The gnoll is moderately wounded.
The gnoll hits you with a +0 flail!
* * * LOW HITPOINT WARNING * * *
The gnoll hits you with a +0 flail!
You die...

############ #######
#..........# #.....#
#..........#
#.....####......@g..$
#.....##......###....
#.....##......# ....
'.....''......# ..........#
#.....##......# #..........#
#.....##......###..........#
#############..............#
....# #..............# ...†#
#.†......#######


You could see a gnoll.

Vanquished Creatures
  An adder (D:2)
  2 worms (D:2)
  5 ball pythons
  5 endoplasms
  6 giant cockroaches
  5 goblins (D:1)
  2 hobgoblins
  2 jackals (D:1)
  A kobold (D:2)
  2 quokkas
  A bat (D:2)
  2 frilled lizards
  A rat (D:2)
35 creatures vanquished.

Notes
Turn   | Place    | Note
-------+----------+-------------------------------------------
     0 | D:1      | Ofeo the Kobold Earth Elementalist began the quest for the
                  | Orb.
     0 | D:1      | Reached XP level 1. HP: 10/10 MP: 3/3
   321 | D:1      | Reached XP level 2. HP: 15/15 MP: 3/5
   455 | D:1      | You fall into a shaft and drop 1 floor!
   555 | D:2      | Learned a level 2 spell: Passwall
   611 | D:2      | Found a shimmering altar of Xom.
   893 | D:2      | Reached XP level 3. HP: 19/19 MP: 3/6
  1453 | D:2      | Found a runed translucent door.
  1456 | D:2      | Noticed Crazy Yiuf
  2022 | D:1      | Reached XP level 4. HP: 15/24 MP: 3/7
  2246 | D:1      | Slain by a gnoll

Illustrated notes

Levels and vault maps discovered:
D:1:      tarquinn_simple_flora_water_d, layout_basic, dk_noncrumbling_4
D:2:      layout_basic, basic_altar, uniq_crazy_yiuf_cottage

Skill      XL: |  1  2  3 |
---------------+----------+-----
Stealth        | 3 |  3.5
Dodging        | 3 |  3.1
Short Blades   | |  0.6
Spellcasting   | |  2.6
Transmutations | |  1.7
Earth Magic    | |  3.4

Action                     |  1- 3 |  4- 6 || total
---------------------------+-------+-------++-------
  Melee: Unarmed           |     5 |       ||     5
         Rapier            |     8 |    16 ||    24
   Cast: Sandblast         |    45 |     3 ||    48
   Stab: Sleeping          |       |     1 ||     1
 Armour: Robe              |     8 |     2 ||    10
  Dodge: Dodged            |    27 |    16 ||    43

Table legend: (Time is in decaauts)
 A = Elapsed time spent in this place.
 B = Non-inter-level travel time spent in this place.
 C = Inter-level travel time spent in this place.
 D = Time resting spent in this place.
 E = Time spent auto-exploring this place.
 F = Levels seen in this place.
 G = Mean time per level.
                   A        B        C        D        E       F      G
               +--------+--------+--------+--------+--------+-----+--------+
         Total |   2273 |   2251 |     22 |     99 |   1903 |   2 | 1136.5 |
       Dungeon |   2273 |   2251 |     22 |     99 |   1903 |   2 | 1136.5 |
               +--------+--------+--------+--------+--------+-----+--------+

Top non-repeatable levels by time:
     D:2: 1311 daAuts
     D:1: 961 daAuts
